[Event "Titled Tuesday Blitz July 26 Late 2022"]
[White "Jacobson, Brandon"]
[Black "Martinez Alcantara, Jose Eduardo"]
[WhiteFideId "30901561"]
[BlackFideId "3805662"]
[WhiteElo "2362"]
[BlackElo "2703"]
[Result "0-1"]
[Round "05"]
[TimeControl "180+1"]
[Date "2022.07.26"]
[WhiteClock "0:00:02"]
[BlackClock "0:00:02"]

1. d4 Nf6 2. c4 e6 3. Nf3 Bb4+ 4. Nbd2 b6 5. a3 Bxd2+ 6. Qxd2 Bb7 7. e3 O-O 8. Be2 d5 9. b3 Nbd7 10. Bb2 dxc4 11. bxc4 c5 12. O-O Ne4 13. Qc2 Qe7 14. Rfd1 Ndf6 15. a4 Rac8 16. h3 Rfd8 17. a5 cxd4 18. exd4 b5 19. a6 Bd5 20. c5 b4 21. Ne5 Qc7 22. Bd3 h6 23. f3 Ng5 24. Bc1 Ba8 25. Bxg5 hxg5 26. Qd2 Nd5 27. Be4 Nc3 28. Bxa8 Rxa8 29. Re1 f6 30. Nc4 Nb5 31. Qxb4 Rab8 32. Qa5 Rxd4 33. Qxc7 Nxc7 34. Na5 Rb2 35. Rab1 Ra2 36. Nc6 Rdd2 37. Rb7 Rxg2+ 38. Kh1 Rh2+ 39. Kg1 Nd5 40. Rxe6 Rag2+ 41. Kf1 Nf4 42. Re8+ Kh7 0-1


[Site "https://www.chess.com"]

[Event "Titled Tuesday Blitz July 26 Late 2022"]
[White "Kamsky, Gata"]
[Black "Oparin, Grigoriy"]
[WhiteFideId "2000024"]
[BlackFideId "24125890"]
[WhiteElo "2645"]
[BlackElo "2639"]
[Result "1/2-1/2"]
[Round "05"]
[TimeControl "180+1"]
[Date "2022.07.26"]
[WhiteClock "0:01:58"]
[BlackClock "0:02:35"]

1. e4 e5 2. Nf3 Nc6 3. Bb5 a6 4. Ba4 Nf6 5. O-O Nxe4 6. d4 b5 7. Bb3 d5 8. dxe5 Be6 9. Qe2 Be7 10. Rd1 O-O 11. c4 bxc4 12. Bxc4 Bc5 13. Be3 Bxe3 14. Qxe3 Qb8 15. Bb3 Na5 16. Nbd2 Nxb3 17. Nxb3 c5 18. Nxc5 Nxc5 19. Qxc5 Qxb2 20. Qd4 Rab8 21. h3 Rfc8 22. Qxb2 Rxb2 23. Nd4 g5 24. Rdb1 Rd2 25. Rd1 Rb2 26. Rdb1 Rd2 27. Rd1 Rb2 1/2-1/2


[Site "https://www.chess.com"]

[Event "Titled Tuesday Blitz July 26 Late 2022"]
[White "Katz, Alexander"]
[Black "Nagy, Gabor"]
[WhiteFideId "2039796"]
[BlackFideId "737119"]
[WhiteElo "2386"]
[BlackElo "2530"]
[Result "0-1"]
[Round "05"]
[TimeControl "180+1"]
[Date "2022.07.26"]
[WhiteClock "0:00:01"]
[BlackClock "0:00:49"]

1. c4 Nf6 2. Nc3 e5 3. e3 c6 4. d4 exd4 5. exd4 Bb4 6. Nf3 O-O 7. Be2 Ne4 8. Qc2 d5 9. O-O Bf5 10. Bd3 Bxc3 11. bxc3 Re8 12. Re1 Nd7 13. Rb1 b6 14. Bf4 Bg6 15. Re3 Ndf6 16. Rbe1 Qe7 17. Ne5 Qb7 18. f3 Nh5 19. Nxg6 hxg6 20. Be5 Ng5 21. Bxg6 fxg6 22. Qxg6 Nh3+ 23. gxh3 Qf7 24. Qxc6 dxc4 25. Bg3 Rf8 26. Qe4 Nf6 27. Qh4 Nd5 28. Re7 Nxe7 29. Rxe7 Qxf3 30. Re1 Rae8 31. Rb1 Qe3+ 32. Kh1 Qd3 33. Rg1 Rf1 0-1


[Site "https://www.chess.com"]

[Event "Titled Tuesday Blitz July 26 Late 2022"]
[White "Khripachenko, Alexander"]
[Black "Fieberg, Samuel"]
[WhiteFideId "54184975"]
[BlackFideId "12901717"]
[WhiteElo "2147"]
[BlackElo "2422"]
[Result "1-0"]
[Round "05"]
[TimeControl "180+1"]
[Date "2022.07.27"]
[WhiteClock "0:01:23"]
[BlackClock "0:00:08"]

1. e4 e5 2. Nf3 Nc6 3. Bc4 Bc5 4. c3 Nf6 5. d3 O-O 6. O-O d5 7. exd5 Nxd5 8. Re1 Bg4 9. h3 Bh5 10. Nbd2 Nb6 11. Bb5 Bd6 12. Ne4 f5 13. Ng3 Bg6 14. Bxc6 bxc6 15. Nxe5 Bxe5 16. Rxe5 f4 17. Ne4 f3 18. g3 Qd7 19. Kh2 Kh8 20. Bf4 Rad8 21. Qxf3 Qxd3 22. Qxd3 Rxd3 23. Nc5 Rd5 24. Kg2 Rxe5 25. Bxe5 Nc4 26. Bd4 Nxb2 27. Re1 Re8 28. Be5 Kg8 29. f4 Nd3 30. Nxd3 Bxd3 31. Rd1 Bc4 32. Rd7 Bf7 33. Rxc7 a6 34. Ra7 g5 35. Rxa6 gxf4 36. gxf4 Rd8 37. Kg3 Rd3+ 38. Kg4 Be6+ 39. f5 Bd5 40. Ra8+ Kf7 41. Ra7+ Kg8 42. h4 Rd2 43. a4 Ra2 44. a5 Bc4 45. Kg5 Kf8 46. Kh6 Ke8 47. Kxh7 Bd3 48. Kg6 Rg2+ 49. Kf6 Rf2 50. Ke6 Bxf5+ 51. Kd6 Be4 52. h5 Bd5 53. h6 Rg2 54. h7 Rg6+ 55. Kc5 Rh6 56. h8=Q+ Rxh8 57. Bxh8 Kd8 58. Be5 Kc8 59. Rc7+ Kb8 60. Rxc6+ Ka7 61. Kxd5 Kb7 62. a6+ Ka7 63. Bd4+ Ka8 64. Rc8# 1-0


[Site "https://www.chess.com"]

[Event "Titled Tuesday Blitz July 26 Late 2022"]
[White "Kovacevic, Radmila"]
[Black "Wagner, Dennis"]
[WhiteFideId "933171"]
[BlackFideId "24650684"]
[WhiteElo "2157"]
[BlackElo "2355"]
[Result "0-1"]
[Round "05"]
[TimeControl "180+1"]
[Date "2022.07.26"]
[WhiteClock "0:00:32"]
[BlackClock "0:00:40"]

1. e4 e5 2. d4 exd4 3. Qxd4 Nc6 4. Qe3 Nf6 5. Bd2 Bb4 6. c3 Ba5 7. Bc4 O-O 8. Ne2 Re8 9. Ng3 d5 10. Bd3 dxe4 11. Be2 Bb6 12. Qg5 h6 13. Qh4 Bxf2+ 14. Kxf2 Ng4+ 15. Qxg4 Bxg4 16. Bxg4 Ne5 17. Be2 Qf6+ 18. Ke1 Nd3+ 19. Bxd3 exd3+ 20. Kd1 Qf2 21. Na3 Qxg2 22. Nc4 Re2 23. Re1 Rxe1+ 24. Kxe1 Re8+ 25. Ne3 Qxh2 26. Nf1 Qe2# 0-1


[Site "https://www.chess.com"]

[Event "Titled Tuesday Blitz July 26 Late 2022"]
[White "Kravtsiv, Martyn"]
[Black "Zeynalli, Rashad"]
[WhiteFideId "14113147"]
[BlackFideId "13403320"]
[WhiteElo "2694"]
[BlackElo "2125"]
[Result "1-0"]
[Round "05"]
[TimeControl "180+1"]
[Date "2022.07.26"]
[WhiteClock "0:00:17"]
[BlackClock "0:00:01"]

1. e4 e5 2. Nf3 Nc6 3. Nc3 Nf6 4. a4 Bb4 5. Bd3 d6 6. Nd5 a5 7. O-O Bg4 8. c3 Bc5 9. h3 Bh5 10. Bc2 h6 11. Re1 O-O 12. Ne3 d5 13. exd5 Nxd5 14. Nxd5 Qxd5 15. Be4 Qd6 16. Bxc6 bxc6 17. g4 Bg6 18. Nxe5 Bd3 19. Qf3 Rad8 20. Qxc6 f5 21. Qxd6 Rxd6 22. b4 axb4 23. cxb4 Bd4 24. Ra3 fxg4 25. Nxd3 g3 26. Re4 gxf2+ 27. Kf1 Rg6 28. Rg4 Re6 29. Rxd4 Rf3 30. Rc3 Rxh3 31. Nxf2 Rh2 32. Rf4 g5 33. Rf5 g4 34. Nxg4 Rh1+ 35. Kg2 Rhe1 36. Nf2 Rg6+ 37. Rg3 1-0


[Site "https://www.chess.com"]

[Event "Titled Tuesday Blitz July 26 Late 2022"]
[White "Krishnan, Varun"]
[Black "Araujo Sanchez, Josue"]
[WhiteFideId "5054508"]
[BlackFideId "6416896"]
[WhiteElo "2721"]
[BlackElo "2358"]
[Result "0-1"]
[Round "05"]
[TimeControl "180+1"]
[Date "2022.07.26"]
[WhiteClock "0:00:20"]
[BlackClock "0:00:18"]

1. d4 Nf6 2. c4 e6 3. Nf3 Bb4+ 4. Nbd2 O-O 5. g3 b6 6. Bg2 Bb7 7. O-O c5 8. a3 Bxd2 9. Qxd2 cxd4 10. Qxd4 Nc6 11. Qh4 d5 12. b4 dxc4 13. Qxc4 Rc8 14. Qh4 Ne7 15. Bb2 Ng6 16. Qd4 Qxd4 17. Nxd4 Bxg2 18. Kxg2 Rfd8 19. Rac1 a6 20. Rfd1 Kf8 21. Nf3 Ke7 22. Bd4 b5 23. Rxc8 Rxc8 24. Ne5 Nxe5 25. Bxe5 Nd7 26. Bxg7 Rc2 27. e3 Ra2 28. Rd3 f6 29. Bh6 Ne5 30. Rc3 Ng4 31. Rc7+ Kd6 32. Rxh7 Rxf2+ 33. Kh3 f5 34. Bf8+ Kd5 35. Rd7+ Ke4 36. Kh4 Rxh2+ 37. Kg5 Nxe3 38. Rd6 e5 39. Rxa6 Rg2 40. Re6 Rxg3+ 41. Kf6 Nd5+ 42. Kf7 f4 43. Bg7 Rg5 44. Bf6 Rf5 45. Rxe5+ Rxe5 46. Bxe5 Kxe5 47. Kg6 Nb6 48. Kg5 Na4 49. Kg4 Ke4 50. Kh3 Ke3 51. Kh2 f3 52. Kg1 f2+ 53. Kf1 Kd3 54. Kxf2 Kc3 55. Ke1 Kb3 56. Kd2 Kxa3 57. Kd3 Kxb4 58. Kd4 Kb3 59. Kd3 b4 60. Kd2 Ka2 61. Kc1 b3 62. Kd2 b2 63. Kd3 b1=Q+ 64. Kc4 Qb3+ 65. Kd4 Qc3+ 66. Ke4 Qd2 67. Ke5 Nc3 68. Ke6 Qd5+ 69. Ke7 Ne4 70. Ke8 Qd6 71. Kf7 Qc7+ 72. Kf8 Nd6 73. Kg8 Qf7+ 74. Kh8 Qe7 75. Kg8 Kb3 76. Kh8 Nf5 77. Kg8 Qg7# 0-1


[Site "https://www.chess.com"]

[Event "Titled Tuesday Blitz July 26 Late 2022"]
[White "Leiva, Gianmarco"]
[Black "Federzoni, Enzo"]
[WhiteFideId "3804399"]
[BlackFideId "2173301"]
[WhiteElo "2323"]
[BlackElo "1949"]
[Result "1-0"]
[Round "05"]
[TimeControl "180+1"]
[Date "2022.07.26"]
[WhiteClock "0:00:05"]
[BlackClock "0:00:01"]

1. Nf3 c5 2. e4 d6 3. Bc4 e6 4. O-O Nf6 5. d3 Nc6 6. Bb3 Be7 7. c3 O-O 8. Re1 e5 9. Nbd2 Be6 10. Nf1 Qc7 11. Bg5 h6 12. Bxf6 Bxf6 13. Ne3 Ne7 14. Nd2 Rad8 15. Qf3 b5 16. a4 Bxb3 17. Nxb3 c4 18. dxc4 bxc4 19. Nd2 Bg5 20. Ndxc4 Ng6 21. g3 Qc6 22. h4 Bxe3 23. Nxe3 Ne7 24. Kg2 Qb6 25. b4 Qc6 26. c4 f5 27. exf5 e4 28. Qg4 d5 29. cxd5 Nxd5 30. b5 Nxe3+ 31. Rxe3 Qc5 32. Qxe4 Rxf5 33. Qe7 Qb6 34. a5 Qb8 35. Qe6+ Rf7 36. b6 axb6 37. axb6 Rd6 38. Qe8+ Qxe8 39. Rxe8+ Kh7 40. Rb8 Rd2 41. b7 Rfxf2+ 42. Kh3 h5 43. Rh8+ Kg6 44. Ra6+ Kf5 45. Rxh5+ Ke4 46. Ra4+ Ke3 47. Re5+ Kf3 48. Rf5+ Ke2 49. Rxf2+ 1-0


[Site "https://www.chess.com"]

[Event "Titled Tuesday Blitz July 26 Late 2022"]
[White "Livaic, Leon"]
[Black "Schwabeneder, Florian"]
[WhiteFideId "14531534"]
[BlackFideId "1626191"]
[WhiteElo "2540"]
[BlackElo "2275"]
[Result "0-1"]
[Round "05"]
[TimeControl "180+1"]
[Date "2022.07.26"]
[WhiteClock "0:01:24"]
[BlackClock "0:01:18"]

1. d4 Nf6 2. c4 g6 3. Nc3 Bg7 4. e4 d6 5. h3 O-O 6. Be3 Nc6 7. d5 Ne5 8. f4 Ned7 9. g4 c6 10. Nf3 cxd5 11. cxd5 b6 12. Nd4 Nc5 13. Bg2 Ba6 14. Kf2 e5 15. Nc6 Nfxe4+ 16. Bxe4 Qh4+ 17. Kg2 exf4 18. Bf2 Qf6 19. Bd4 Qh4 20. Bxg7 Qg3# 0-1


[Site "https://www.chess.com"]

[Event "Titled Tuesday Blitz July 26 Late 2022"]
[White "Makarian, Rudik"]
[Black "Medeiros Jr, Francisco De Assis"]
[WhiteFideId "44105681"]
[BlackFideId "2114267"]
[WhiteElo "2403"]
[BlackElo "2020"]
[Result "1-0"]
[Round "05"]
[TimeControl "180+1"]
[Date "2022.07.26"]
[WhiteClock "0:00:21"]
[BlackClock "0:00:05"]

1. d3 d5 2. f4 g6 3. Nf3 Nh6 4. g3 Bg7 5. Bg2 d4 6. O-O Nf5 7. c3 c5 8. e4 dxe3 9. Qe2 Nc6 10. Bxe3 Nxe3 11. Qxe3 Bf5 12. Rd1 Qb6 13. Rd2 Rd8 14. Na3 Bxd3 15. Rad1 Ba6 16. Ne5 Rxd2 17. Bxc6+ bxc6 18. Rxd2 Bxe5 19. fxe5 O-O 20. c4 Rd8 21. b3 Rd4 22. Nc2 Rxd2 23. Qxd2 Bc8 24. Ne3 Kg7 25. Qc3 Be6 26. Kf2 a5 27. Ng2 Qb4 28. Qxb4 axb4 29. Ke3 Bf5 30. Kd2 Bb1 31. Nf4 g5 32. Ng2 f5 33. h4 h6 34. Ne3 Kf7 35. Kc1 Be4 36. hxg5 hxg5 37. g4 f4 38. Nf5 Ke6 39. Nh6 Kxe5 40. Nf7+ Kd4 41. Nxg5 Bd3 42. Kd2 e5 43. Nf3+ Ke4 44. Nxe5 Kxe5 45. Kxd3 Kf6 46. Ke4 Kg5 47. Kf3 1-0


[Site "https://www.chess.com"]

[Event "Titled Tuesday Blitz July 26 Late 2022"]
[White "Maksimovic, Bojan"]
[Black "Csonka, Balazs"]
[WhiteFideId "14408120"]
[BlackFideId "742910"]
[WhiteElo "2453"]
[BlackElo "2404"]
[Result "0-1"]
[Round "05"]
[TimeControl "180+1"]
[Date "2022.07.26"]
[WhiteClock "0:00:01"]
[BlackClock "0:00:03"]

1. e4 c5 2. Nc3 Nc6 3. Bb5 Nd4 4. Nf3 e6 5. O-O a6 6. Bd3 Ne7 7. Nxd4 cxd4 8. Ne2 Nc6 9. c3 Bc5 10. Ng3 O-O 11. Be2 d5 12. exd5 exd5 13. d3 Re8 14. c4 Be6 15. cxd5 Bxd5 16. Bf3 Ne5 17. Bxd5 Qxd5 18. Bf4 Ng6 19. Qd2 Nh4 20. f3 h6 21. Ne4 Be7 22. Rac1 Ng6 23. Rce1 f5 24. Ng3 Kh7 25. b3 a5 26. Nh5 Bb4 27. Qc1 Bxe1 28. Bxh6 f4 29. Bxf4 Qxh5 30. Rxe1 Rxe1+ 31. Qxe1 Nxf4 32. Qe4+ Ng6 33. Qxb7 Re8 34. g3 Re1+ 35. Kf2 Qe5 36. Kg2 Qe2+ 37. Kh3 Rh1 38. Kg4 Qe6+ 39. Kg5 Qe5+ 40. Kg4 Rxh2 41. Qe7 Qh5# 0-1


[Site "https://www.chess.com"]

[Event "Titled Tuesday Blitz July 26 Late 2022"]
[White "Manelyuk, Daniil"]
[Black "Ardila, Oscar Humberto"]
[WhiteFideId "44173920"]
[BlackFideId "4404742"]
[WhiteElo "2209"]
[BlackElo "1956"]
[Result "0-1"]
[Round "05"]
[TimeControl "180+1"]
[Date "2022.07.27"]
[WhiteClock "0:00:05"]
[BlackClock "0:00:32"]

1. e4 e5 2. Nf3 Nf6 3. Nxe5 d6 4. Nf3 Nxe4 5. d4 Be7 6. Bd3 Nf6 7. O-O O-O 8. Re1 Bg4 9. h3 Bh5 10. g4 Bg6 11. Nc3 Nbd7 12. Bf4 Re8 13. Bg3 Nb6 14. Bxg6 hxg6 15. Qd3 Nbd5 16. Nxd5 Nxd5 17. c3 Qd7 18. c4 Nf6 19. d5 Bf8 20. Nd4 Rxe1+ 21. Rxe1 Re8 22. Rxe8 Qxe8 23. f3 a6 24. Kf2 Nd7 25. b4 Be7 26. Qe4 Kf8 27. a4 Bf6 28. Qxe8+ Kxe8 29. Ke3 Nb6 30. Kd3 Nxa4 31. f4 Nb6 32. g5 Bxd4 33. Kxd4 Ke7 34. c5 Nd7 35. Bf2 f6 36. h4 b6 37. c6 Nf8 38. Kc4 Kd8 39. Bd4 Nh7 40. Kd3 b5 41. h5 gxh5 42. g6 Nf8 43. Bxf6+ Ke8 44. Bxg7 Nxg6 45. Ke4 Kf7 46. Bd4 Ne7 47. f5 h4 48. f6 Ng8 49. Kf5 h3 50. Be5 Nxf6 51. Bxd6 Nxd5 52. Bh2 Nxb4 53. Bxc7 Nxc6 54. Ke4 Ke6 55. Kd3 Kd5 56. Kc3 a5 57. Bg3 b4+ 58. Kb3 Kc5 59. Ka4 Kb6 60. Bf2+ Ka6 61. Bg3 Nd4 62. Bc7 Nf3 63. Bh2 Nxh2 0-1


[Site "https://www.chess.com"]

[Event "Titled Tuesday Blitz July 26 Late 2022"]
[White "Manukian, Artak"]
[Black "Rastbod, Ali"]
[WhiteFideId "13301373"]
[BlackFideId "12567477"]
[WhiteElo "2355"]
[BlackElo "2135"]
[Result "0-1"]
[Round "05"]
[TimeControl "180+1"]
[Date "2022.07.27"]
[WhiteClock "0:00:01"]
[BlackClock "0:01:46"]

1. e4 Nc6 2. Nf3 g6 3. d4 Bg7 4. d5 Nb8 5. c4 d6 6. Nc3 Nf6 7. Bd3 O-O 8. h3 c6 9. O-O Na6 10. Re1 Nc5 11. Bc2 a5 12. Bg5 Qb6 13. Rb1 Qb4 14. Qe2 a4 15. Bd2 Qb6 16. Be3 Qa5 17. Bd2 Qa6 18. Be3 Nfd7 19. Bd4 Ne5 20. Nxe5 Bxe5 21. Bxe5 dxe5 22. Nd1 Qa5 23. Ne3 Bd7 24. g4 b5 25. cxb5 cxb5 26. h4 Nb7 27. h5 Nd6 28. hxg6 fxg6 29. Kg2 Rf4 30. f3 Raf8 31. Rf1 Qb6 32. Rf2 b4 33. Rh1 Bb5 34. Bd3 Bxd3 35. Qxd3 Nxe4 36. Rff1 Ng5 37. Nc4 Qd4 38. Qxd4 Rxd4 39. Nxe5 Rxd5 40. Nc6 Rd2+ 41. Kg3 Rd3 42. Nxe7+ Kg7 43. Nc6 Rfxf3+ 44. Rxf3 Rxf3+ 45. Kg2 b3 46. a3 Rd3 47. Rf1 Ne4 48. Re1 Rd2+ 49. Kf3 Ng5+ 50. Kf4 Kf6 51. Na5 Rf2+ 0-1


[Site "https://www.chess.com"]

[Event "Titled Tuesday Blitz July 26 Late 2022"]
[White "Meshkovs, Nikita"]
[Black "Baches Garcia, Guillermo"]
[WhiteFideId "11602740"]
[BlackFideId "2209764"]
[WhiteElo "2506"]
[BlackElo "2536"]
[Result "1-0"]
[Round "05"]
[TimeControl "180+1"]
[Date "2022.07.26"]
[WhiteClock "0:01:09"]
[BlackClock "0:00:02"]

1. c4 Nf6 2. Nf3 e6 3. g3 d5 4. d4 Be7 5. Bg2 O-O 6. O-O dxc4 7. Qc2 a6 8. a4 Bd7 9. Qxc4 Bc6 10. Bf4 Bd6 11. Bg5 Nbd7 12. Nc3 h6 13. Bxf6 Nxf6 14. Rfd1 Bd5 15. Qd3 Bxf3 16. Bxf3 c6 17. Rac1 a5 18. Kg2 Qe7 19. e3 Rfd8 20. Qc4 h5 21. h4 g6 22. Qb3 Kg7 23. Rc2 Nd5 24. Ne4 Nb4 25. Rcd2 Rac8 26. Qc3 Nd5 27. Qc4 Bb4 28. Rd3 Nf6 29. Nc5 b6 30. Nb3 Rc7 31. Na1 Bd6 32. Nc2 Ne8 33. Rb3 Rb8 34. Ne1 Qd7 35. Nd3 Nf6 36. Ne5 Qe8 37. Nxc6 Nd5 38. Rc1 Rbc8 39. Rbc3 Rxc6 40. Qxc6 Rxc6 41. Rxc6 Bb4 42. b3 Qe7 43. Rc8 Qd6 44. R1c6 Qe7 45. Rc2 Qf6 46. R2c6 Nc3 47. Rxc3 Bxc3 48. Rxc3 Qe7 49. Rc6 Qb4 50. Bd1 Qd2 51. Bf3 Qb4 52. Be2 Qxb3 53. Bb5 Qb4 54. Rxb6 Kf6 55. Rb7 1-0


[Site "https://www.chess.com"]

[Event "Titled Tuesday Blitz July 26 Late 2022"]
[White "Miszler, Levente"]
[Black "Shohat, Yotam"]
[WhiteFideId "763276"]
[BlackFideId "2813955"]
[WhiteElo "1966"]
[BlackElo "2119"]
[Result "1-0"]
[Round "05"]
[TimeControl "180+1"]
[Date "2022.07.27"]
[WhiteClock "0:00:03"]
[BlackClock "0:00:02"]

1. Nf3 d5 2. c4 c6 3. e3 Nf6 4. d4 e6 5. Nc3 Nbd7 6. Bd3 dxc4 7. Bxc4 b5 8. Bd3 Bd6 9. O-O O-O 10. e4 e5 11. Be3 Bb7 12. Ne2 c5 13. dxe5 Nxe5 14. Nxe5 Bxe5 15. Bxc5 Bxh2+ 16. Kxh2 Qc7+ 17. Kg1 Qxc5 18. Rc1 Qh5 19. Ng3 Qh4 20. Rc5 g6 21. Re1 Ng4 22. Rxb5 Ba6 23. Rd5 Bb7 24. Rb5 Ba6 25. Ra5 Bxd3 26. Qxd3 Rad8 27. Rd5 Rxd5 28. exd5 Rd8 29. d6 Qf6 30. Ne4 Qxb2 31. d7 f5 32. Qc4+ Kg7 33. f3 fxe4 34. fxg4 Rxd7 35. Qxe4 Qb6+ 36. Kh1 Qf6 37. Qe5 Qxe5 38. Rxe5 Rd2 39. Re7+ Kf6 40. Rxa7 h5 41. gxh5 gxh5 42. Kh2 Rd1 43. a4 Ra1 44. a5 Kg5 45. a6 Kg6 46. Ra8 Kg7 47. a7 Ra3 48. Kg1 Ra2 49. Kf1 Kh7 50. Ke1 Kg7 51. Kd1 Kh7 52. Kc1 h4 53. Kb1 Ra6 54. Kb2 Kg7 55. Kc3 Kh7 56. Kd4 Ra4+ 57. Kc5 Kg7 58. Kb6 Rb4+ 59. Ka5 Rb7 60. Ka6 Rb2 61. Rg8+ 1-0


[Site "https://www.chess.com"]

[Event "Titled Tuesday Blitz July 26 Late 2022"]
[White "Nozdrachev, Leonid"]
[Black "Howell, David W L"]
[WhiteFideId "24113433"]
[BlackFideId "410608"]
[WhiteElo "2100"]
[BlackElo "2559"]
[Result "0-1"]
[Round "05"]
[TimeControl "180+1"]
[Date "2022.07.27"]
[WhiteClock "0:00:09"]
[BlackClock "0:00:19"]

1. e4 c5 2. c3 d5 3. exd5 Qxd5 4. d4 Nc6 5. Nf3 Bf5 6. Na3 cxd4 7. Nb5 O-O-O 8. Nbxd4 e5 9. Bg5 exd4 10. Bxd8 Qxd8 11. Bb5 dxc3 12. Qxd8+ Nxd8 13. Rc1 Kb8 14. bxc3 Nf6 15. O-O Bc5 16. Rfe1 Kc7 17. Re5 Ba3 18. Rce1 Bg6 19. Nd4 a6 20. Bc4 Nc6 21. Nxc6 Kxc6 22. f4 Bd6 23. f5 Bxe5 24. fxg6 Bxc3 25. Rc1 Bd4+ 26. Kf1 fxg6 27. Bxa6+ Kb6 28. Be2 Ra8 29. Rb1+ Kc7 30. Bf3 Ra7 31. Rc1+ Kb6 32. Rb1+ Kc5 33. Rxb7 Rxb7 34. Bxb7 Kb4 35. Bc8 Kc3 36. Be6 Kd2 37. g4 g5 38. Kg2 Ke2 39. a4 Bb6 40. Kg3 Bc7+ 41. Kg2 h6 42. Bf5 Nd5 43. Bd7 Ne3+ 44. Kh3 Kf3 45. a5 Bxa5 46. Bc6+ Kf2 47. Bd7 Nd5 0-1


[Site "https://www.chess.com"]

[Event "Titled Tuesday Blitz July 26 Late 2022"]
[White "Ozates, Tuna"]
[Black "Djordjevic, Vuk"]
[WhiteFideId "6354521"]
[BlackFideId "902098"]
[WhiteElo "1887"]
[BlackElo "2456"]
[Result "1-0"]
[Round "05"]
[TimeControl "180+1"]
[Date "2022.07.27"]
[WhiteClock "0:00:20"]
[BlackClock "0:00:03"]

1. e4 d5 2. exd5 Qxd5 3. Nc3 Qd6 4. d4 Nf6 5. Nf3 c6 6. g3 Bg4 7. Bg2 e6 8. O-O Be7 9. Qd3 Nbd7 10. Bf4 Qb4 11. a3 Qb6 12. b4 Nd5 13. Bd2 Nxc3 14. Bxc3 Rd8 15. Qe3 Nf6 16. Bb2 Bxf3 17. Bxf3 Qb5 18. Be2 Qf5 19. c4 h5 20. Bd3 Qh3 21. Qf3 Ng4 22. Qg2 Qxg2+ 23. Kxg2 Bf6 24. h3 Bxd4 25. Bxd4 Rxd4 26. hxg4 Rxd3 27. Rh1 g6 28. gxh5 Rxh5 29. Rxh5 gxh5 30. Rh1 Rxa3 31. Rxh5 Ra4 32. Rh8+ Ke7 33. b5 cxb5 34. cxb5 Ra5 35. Ra8 Kd6 36. g4 Kc5 37. Rf8 Kxb5 38. Rxf7 Kc6 39. Re7 Rg5 40. Kg3 Rg6 41. f4 a5 42. g5 a4 43. Kg4 a3 44. Kh5 a2 45. Kxg6 a1=Q 46. Rxe6+ Kd5 47. f5 Qb1 48. Kf6 Qb2+ 49. Kf7 Qh8 50. g6 Qh5 51. Kf6 Qh4+ 52. Kg7 Qg4 53. Kf6 b5 54. g7 b4 55. Re8 Qd4+ 56. Kf7 Qa7+ 57. Re7 Qf2 58. f6 b3 59. g8=Q b2 60. Qd8+ Kc4 61. Rc7+ Kb3 62. Qd5+ Kb4 63. Qc4+ Ka5 64. Rc5+ Kb6 65. Rb5+ Ka7 66. Qa4# 1-0


[Site "https://www.chess.com"]

[Event "Titled Tuesday Blitz July 26 Late 2022"]
[White "Ozer, Omer Faruk"]
[Black "D`Arruda, Ricardo D."]
[WhiteFideId "6354564"]
[BlackFideId "100692"]
[WhiteElo "2050"]
[BlackElo "2424"]
[Result "1-0"]
[Round "05"]
[TimeControl "180+1"]
[Date "2022.07.27"]
[WhiteClock "0:00:22"]
[BlackClock "0:00:21"]

1. e4 c5 2. Nc3 e6 3. Nf3 Nf6 4. d4 cxd4 5. Nxd4 d6 6. g4 Be7 7. h4 Nc6 8. g5 Nd7 9. Be3 a6 10. Bg2 Qc7 11. Qe2 Nb6 12. O-O-O Ne5 13. Kb1 Nec4 14. Bc1 Bd7 15. b3 Na3+ 16. Bxa3 Qxc3 17. Bb2 Qc7 18. f4 O-O-O 19. Rh3 e5 20. Rc3 Qxc3 21. Bxc3 exd4 22. Bxd4 Na8 23. Bxg7 Rhg8 24. Bd4 Kb8 25. Qe3 Bc6 26. Ba7+ Kc7 27. Rd3 Rc8 28. Rc3 Kd8 29. Bh3 Bd7 30. Rxc8+ Bxc8 31. Bxc8 Kxc8 32. Qc3+ Kd7 33. Qc4 Rf8 34. Bd4 Nc7 35. Bg7 Re8 36. Qxf7 Ne6 37. f5 Nd8 38. Qh5 Bf8 39. Qxh7 Bxg7 40. Qxg7+ Re7 41. f6 1-0


[Site "https://www.chess.com"]

[Event "Titled Tuesday Blitz July 26 Late 2022"]
[White "Paravyan, David"]
[Black "Ernst, Sipke"]
[WhiteFideId "4194985"]
[BlackFideId "1004689"]
[WhiteElo "2569"]
[BlackElo "2436"]
[Result "1-0"]
[Round "05"]
[TimeControl "180+1"]
[Date "2022.07.26"]
[WhiteClock "0:00:30"]
[BlackClock "0:00:01"]

1. e4 e5 2. Nf3 Nc6 3. Nc3 Nf6 4. d4 exd4 5. Nxd4 Bb4 6. Nxc6 bxc6 7. Bd3 O-O 8. O-O d5 9. exd5 cxd5 10. Bg5 Be6 11. h3 c5 12. Qf3 h6 13. Bh4 Bxc3 14. bxc3 c4 15. Bf5 g5 16. Bg3 Qd7 17. Be5 Bxf5 18. Bxf6 Qe6 19. Bd4 Bxc2 20. Rfe1 Qf5 21. Qg3 Rae8 22. Qd6 Re6 23. Rxe6 fxe6 24. Re1 Re8 25. Qc6 Qf7 26. Re3 Be4 27. Rg3 Kh7 28. Kh2 e5 29. Be3 Re6 30. Qc5 Rg6 31. a4 a6 32. Qc8 Qg7 33. Rg4 h5 34. Rxe4 dxe4 35. Qxc4 g4 36. Qxe4 gxh3 37. g3 Qd7 38. Qxe5 Qg4 39. Bd4 Re6 40. Qh8+ Kg6 41. Qg7+ Kf5 42. Qf7+ Ke4 43. f3+ Qxf3 44. Qxe6+ Kd3 45. Qxh3 a5 46. Qg2 Qd1 47. Qc6 Qe2+ 48. Kg1 Qd1+ 49. Kg2 Qe2+ 50. Bf2 Kc2 51. c4 h4 52. Qg6+ Kb2 53. gxh4 Ka1 54. Qf6+ Kb1 55. Qf5+ Ka1 56. Qf6+ Kb1 57. Qf3 Qc2 58. h5 Kb2 59. Qf6+ Kb1 60. Qg6 Ka1 61. Qg7+ Ka2 62. Qb7 Ka1 63. Qf3 Qd2 64. c5 Qg5+ 65. Kh3 1-0


[Site "https://www.chess.com"]

[Event "Titled Tuesday Blitz July 26 Late 2022"]
[White "Petrovic, Aleksa"]
[Black "Barria Zuniga, Daniel"]
[WhiteFideId "967629"]
[BlackFideId "3400816"]
[WhiteElo "2185"]
[BlackElo "2414"]
[Result "0-1"]
[Round "05"]
[TimeControl "180+1"]
[Date "2022.07.26"]
[WhiteClock "0:00:14"]
[BlackClock "0:00:25"]

1. d4 g6 2. c4 Bg7 3. e4 c5 4. d5 d6 5. Ne2 a6 6. a4 Nf6 7. Nbc3 O-O 8. f3 e6 9. Ng3 exd5 10. cxd5 Nbd7 11. Be2 h5 12. Bg5 Qb6 13. Qd2 Nh7 14. a5 Qc7 15. Bh6 h4 16. Bxg7 Kxg7 17. Nf1 h3 18. g3 b5 19. axb6 Nxb6 20. Ne3 f5 21. O-O Qe7 22. Nc4 Nxc4 23. Bxc4 Ng5 24. e5 Qxe5 25. Qxg5 Qd4+ 26. Kh1 Qxc4 27. Qe7+ Rf7 28. Qxd6 Bb7 29. Rfe1 Qd4 30. Re6 Qf2 31. Rxg6+ Kh7 32. Rh6+ Kg8 33. Qg6+ Rg7 34. Qe6+ Rf7 35. Qg6+ Rg7 36. Qxf5 Qg2# 0-1


[Site "https://www.chess.com"]

[Event "Titled Tuesday Blitz July 26 Late 2022"]
[White "Raja Harshit"]
[Black "Aravindh, Chithambaram VR."]
[WhiteFideId "5089000"]
[BlackFideId "5072786"]
[WhiteElo "2338"]
[BlackElo "2577"]
[Result "0-1"]
[Round "05"]
[TimeControl "180+1"]
[Date "2022.07.26"]
[WhiteClock "0:00:05"]
[BlackClock "0:00:04"]

1. e4 d6 2. d4 Nf6 3. Nc3 g6 4. Nf3 Bg7 5. Bg5 O-O 6. Qd2 Bg4 7. O-O-O Nc6 8. d5 Nb8 9. h4 c6 10. h5 Bxh5 11. Bh6 Nbd7 12. dxc6 bxc6 13. Bxg7 Kxg7 14. g4 Nxg4 15. Be2 Ndf6 16. Rdg1 Qa5 17. Nd4 Nxf2 18. Rxh5 Nxh5 19. Bxh5 Nxe4 20. Nxe4 Qxd2+ 21. Kxd2 c5 22. Nc6 f5 23. Nc3 Rf7 24. Bf3 Re8 25. Re1 e5 26. Bd5 Rd7 27. a4 e4 28. Ke3 h5 29. Na5 Rf8 30. Nc4 f4+ 31. Kf2 e3+ 32. Kf3 g5 33. Bc6 g4+ 34. Ke2 Re7 35. Nxd6 f3+ 36. Kf1 e2+ 37. Kf2 Re6 38. Nce4 h4 39. Bd7 g3+ 40. Ke3 Rxe4+ 41. Nxe4 f2 42. Kxe2 fxe1=Q+ 43. Kxe1 g2 0-1


[Site "https://www.chess.com"]

[Event "Titled Tuesday Blitz July 26 Late 2022"]
[White "Riehle, Marco"]
[Black "Fedoseev, Vladimir"]
[WhiteFideId "12904392"]
[BlackFideId "24130737"]
[WhiteElo "2462"]
[BlackElo "2726"]
[Result "1-0"]
[Round "05"]
[TimeControl "180+1"]
[Date "2022.07.26"]
[WhiteClock "0:00:46"]
[BlackClock "0:00:01"]

1. e4 e5 2. Nf3 Nc6 3. Bc4 Nf6 4. d4 exd4 5. O-O Bc5 6. e5 d5 7. exf6 dxc4 8. fxg7 Rg8 9. Re1+ Be6 10. Bg5 Qd5 11. Nc3 Qf5 12. Ne4 Rxg7 13. Nh4 Rxg5 14. Nxf5 Rxf5 15. g4 Re5 16. f4 d3+ 17. Nxc5 Rxc5 18. f5 O-O-O 19. fxe6 fxe6 20. cxd3 cxd3 21. Rxe6 d2 22. Re2 Rcd5 23. Kh1 Ne5 24. h3 Nc4 25. Rb1 Rd3 26. Qa4 Nxb2 27. Qxa7 d1=Q+ 28. Rxd1 Nxd1 29. Kh2 R3d6 30. Qa8+ Kd7 31. Qa4+ Kc8 32. Re8 Rd2+ 33. Kg3 Rd3+ 34. Kh4 Kb8 35. Rxd8+ Rxd8 36. Qe4 Nf2 37. Qf5 Rd2 38. a4 1-0


[Site "https://www.chess.com"]